 Dungeon Crawl Stone Soup version 0.31-a0-700-gf13585253f (webtiles) character file.

Game seed: 468058403149548776

270 qw the Shooter (level 6, -14/40 HPs)
             Began as a Gargoyle Hunter on Sept 7, 2023.
             Was an Initiate of Okawaru.
             Killed from afar by Ijyb (18 damage)
             ... with a bolt of acid
             ... on level 3 of the Dungeon.
             The game lasted 00:00:43 (2143 turns).

qw the Shooter (Gargoyle Hunter)                    Turns: 2143, Time: 00:00:43

Health: -14/40     AC: -1    Str: 14    XL:     6   Next: 22%
Magic:  6/6        EV: 10    Int: 10    God:    Okawaru [......]
Gold:   116        SH:  0    Dex: 15    Spells: 5/5 levels left

rFire   . . .        Y - +0 shortbow
rCold   . . .        (shield currently unavailable)
rNeg    + . .        a - +0 ring mail
rPois   inf          (no helmet)
rElec   +            e - +0 cloak
rCorr   .            (no gloves)
SInv    .            (no boots)
Will    +....        (no amulet)
Stlth   +            j - ring of willpower
HPRegen 0.26/turn    (no ring)
MPRegen 0.10/turn

%: no passive effects
@: corroded
A: sickness immunity, AC +4, negative energy resistance 1, electricity
resistance, torment resistance 1, petrification resistance
a: Renounce Religion


You were on level 3 of the Dungeon.
You worshipped Okawaru.
Okawaru was noncommittal.
You visited 1 branch of the dungeon, and saw 3 of its levels.

You collected 116 gold pieces.


Innate Abilities, Weirdness & Mutations

You are immune to sickness and miasma.
Your stone body is resilient. (AC +4)
You are immune to poison.
You resist negative energy. (rN+)
You are resistant to electric shocks. (rElec)
You are resistant to unholy torment.
You are immune to petrification.


   Skills:
 - Level 5.3 Fighting
 + Level 5.6 Ranged Weapons
 - Level 1.0 Armour
 - Level 1.5 Dodging
 - Level 1.1 Stealth


You had 5 spell levels left.
You didn't know any spells.
Your spell library was empty.

Inventory:

Hand Weapons
 Y - a +0 shortbow (weapon)
Armour
 a - a +0 ring mail (worn)
 e - a +0 cloak (worn)
Jewellery
 j - a ring of willpower (left hand)
Scrolls
 g - a scroll of identify
Potions
 c - a potion of mutation {unknown}
 f - a potion of resistance {unknown}
 h - a potion of lignification {unknown}

Dungeon Overview and Level Annotations

Branches:
Dungeon (3/15)

Altars:
Cheibriados
Kikubaaqudgha
Nemelex Xobeh
Okawaru
Zin

Annotations:
D:3 2 runed translucent doors, Ijyb


Message History

You shoot an arrow. The arrow hits Ijyb.
Ijyb is lightly wounded.
You shoot an arrow. The arrow closely misses Ijyb.
Ijyb zaps a wand.
The bolt of acid hits you! The acid corrodes you!
A kobold comes into view. It is wielding a +0 club.
You shoot an arrow. The kobold shouts!
The arrow hits Ijyb but does no damage.
Ijyb is lightly wounded.
Ijyb zaps a wand.
The bolt of acid hits you! The acid corrodes you!
You shoot an arrow. The arrow hits Ijyb but does no damage.
Ijyb is lightly wounded.
You shoot an arrow. The arrow hits Ijyb but does no damage.
Ijyb is lightly wounded.
You shoot an arrow. The arrow hits Ijyb but does no damage.
Ijyb is lightly wounded.
Ijyb hits you with a +0 club.
You shoot an arrow. The arrow closely misses Ijyb.
The arrow hits the kobold but does no damage.
Ijyb hits you with a +0 club.
You shoot an arrow. The arrow hits Ijyb but does no damage.
Ijyb is lightly wounded.
Ijyb hits you but does no damage. Ijyb hits you with a +0 club.
2139 ||| DRINKING potion of heal wounds.
You feel much better. Ijyb hits you with a +0 club.
You shoot an arrow. The arrow hits Ijyb.
Ijyb is moderately wounded.
Ijyb zaps a wand.
The bolt of acid hits you! The acid corrodes you!
You shoot an arrow. The arrow hits Ijyb but does no damage.
Ijyb is lightly wounded.
Ijyb screams, "You nasty!
Big nasty!"
Ijyb zaps a wand.
The bolt of acid hits you!
You shoot an arrow. The arrow hits Ijyb.
Ijyb is moderately wounded.
Ijyb hits you with a +0 club.
You shoot an arrow. The arrow closely misses Ijyb.
The arrow hits the kobold but does no damage.
Ijyb zaps a wand.
The bolt of acid hits you!!
You die...

.# .# .. ..# .# #.
#.# .# #. #.# .#
#.## #.# .# ..# #.#
.# # #.# #K# .#
#.##.###g# .####
#.......@# ....#
####.##### .##.#
#..##
....########...####
..................+
....####).......###
+8..# #.###..#.#
.#..# #.# #.##.#
.#..# #.# #.# .#


You could see Ijyb and a kobold.

Vanquished Creatures
  Sigmund (D:2)
  4 gnolls (D:3)
  2 adders (D:2)
  2 worms
  3 dart slugs
  An orc (D:3)
  4 ball pythons
  5 bats
  2 endoplasms
  5 giant cockroaches
  2 goblins (D:1)
  4 hobgoblins
  2 quokkas
  A frilled lizard (D:1)
  8 kobolds
  3 rats
49 creatures vanquished.

Notes
Turn   | Place    | Note
-------+----------+-------------------------------------------
     0 | D:1      | qw the Gargoyle Hunter began the quest for the Orb.
     0 | D:1      | Reached XP level 1. HP: 12/12 MP: 1/1
     0 | D:1      | 0 ||| qw: Version: 0.3-a-76-g4403597
     0 | D:1      | 0 ||| qw: Game counter: 710
     0 | D:1      | 0 ||| qw: Melee chars always use a shield: true
     0 | D:1      | 0 ||| qw: God list: Okawaru
     0 | D:1      | 0 ||| qw: Allow faded altars: false
     0 | D:1      | 0 ||| qw: Do Orc after clearing Dungeon:15 true
     0 | D:1      | 0 ||| qw: Do second Lair branch before Depths: true
     0 | D:1      | 0 ||| qw: Lair rune preference: random
     0 | D:1      | 0 ||| qw: Goals: Normal
     0 | D:1      | 0 ||| PLANNING D:1-11
   198 | D:1      | Reached XP level 2. HP: 17/17 MP: 2/2
   597 | D:1      | 597 ||| UPGRADING to ring of willpower.
   598 | D:1      | 598 ||| READING scroll labelled COASKO OCVI.
   601 | D:1      | 601 ||| READING scroll labelled OSOOMU FOIRADI.
   602 | D:1      | 602 ||| READING 2 scrolls labelled HAMOSI TARADIAV.
   603 | D:1      | 603 ||| READING scroll labelled CAGETS SORI.
   614 | D:1      | 614 ||| READING scroll labelled ROITHR HUDUZALO.
   615 | D:1      | 615 ||| DROPPING scroll of butterflies.
   653 | D:2      | Found a glowing silver altar of Zin.
   709 | D:2      | Reached XP level 3. HP: 21/21 MP: 3/3
   899 | D:2      | Noticed Sigmund
   905 | D:2      | Killed Sigmund
   906 | D:2      | Reached XP level 4. HP: 13/31 MP: 4/4
   906 | D:2      | Reached XP level 5. HP: 15/35 MP: 5/5
  1499 | D:2      | 1499 ||| UPGRADING to +0 ring mail.
  1509 | D:2      | 1509 ||| DROPPING +0 leather armour.
  1510 | D:2      | 1510 ||| READING scroll labelled VOATOL YHEUDD.
  1511 | D:2      | 1511 ||| READING scroll labelled YBONOT LUATOD.
  1512 | D:2      | 1512 ||| READING scroll labelled ZIREQOL DEWUI.
  1513 | D:2      | 1513 ||| READING scroll labelled FYCOGA LABLUJ.
  1514 | D:2      | 1514 ||| READING scroll labelled WAR DUIJOGO.
  1515 | D:2      | 1515 ||| READING 2 scrolls of identify.
  1515 | D:2      | 1515 ||| IDENTIFYING sedimented purple potion
  1579 | D:3      | Reached skill level 1 in Armour
  1579 | D:3      | Reached XP level 6. HP: 40/40 MP: 6/6
  1618 | D:3      | Found a sparkling altar of Nemelex Xobeh.
  1685 | D:3      | Found a snail-covered altar of Cheibriados.
  1750 | D:3      | Found an iron altar of Okawaru.
  1751 | D:3      | 1751 ||| PLANNING OKAWARU WORSHIP
  1751 | D:3      | 1751 ||| UPGRADING to +0 cloak.
  1756 | D:3      | 1756 ||| READING scroll labelled CABOSOLIOSCH.
  1763 | D:3      | Became a worshipper of Warmaster Okawaru
  1764 | D:3      | 1764 ||| PLANNING D:1-11
  1962 | D:3      | Found an ancient bone altar of Kikubaaqudgha.
  2003 | D:3      | Found a large runed translucent door.
  2004 | D:3      | Found a large runed translucent door.
  2129 | D:3      | Noticed Ijyb
  2138 | D:3      | HP: 8/40 [Ijyb/+0 club (5)]
  2139 | D:3      | 2139 ||| DRINKING potion of heal wounds.
  2142 | D:3      | HP: 3/40 [Ijyb/+0 club (5)]
  2143 | D:3      | Killed from afar by Ijyb

Levels and vault maps discovered:
D:1:      ncdulo_watergridlock, layout_loops_cross
D:2:      layout_basic, basic_altar, uniq_sigmund
D:3:      layout_loops_corners, kennysheep_slug_shrine,
          nicolae_overflow_crystal_walls, nemelex_spade_bored_becter,
          mainiacjoe_overflow_cross_hatched, jmf_multi_god_temple2,
          minmay_strange_pillars, uniq_ijyb

Skill      XL: |  1  2  3  4  5 |
---------------+----------------+-----
Ranged Weapons | 5 |  5.6
Fighting       | 5 |  5.3
Armour         | 1 |  1.0
Dodging        | |  1.5
Stealth        | |  1.1

Action                     |  1- 3 |  4- 6 || total
---------------------------+-------+-------++-------
   Fire: Shortbow          |    69 |    66 ||   135
    Use: Scroll            |     5 |     7 ||    12
         Potion            |       |     1 ||     1
 Armour: Leather armour    |    11 |     2 ||    13
         Ring mail         |       |    14 ||    14
  Dodge: Dodged            |    11 |    13 ||    24

Table legend:
 A = Non-vault XP
 B = Vault XP
 C = Vault XP percentage of total XP
 D = Non-vault monster count
 E = Vault monster count
 F = Vault count percentage of total count
                 A         B        C        D         E       F
            +---------+---------+-------+---------+---------+-------
      Total |     169 |     218 |  56.3 |      47 |       2 |   4.1
            +---------+---------+-------+---------+---------+-------
        D:1 |      26 |       0 |   0.0 |      15 |       0 |   0.0
        D:2 |      63 |     214 |  77.3 |      19 |       1 |   5.0
        D:3 |      80 |       4 |   4.8 |      13 |       1 |   7.1
            +---------+---------+-------+---------+---------+-------
